AoeStats
← Dorofer

Arena

507550617Analyzed
1v1 RM · 14d ago on Sep 18, 2026· 55m 39s· 2 players
Game mode
Random Map
Map size
Tiny (2 player)
Population
200
Speed
Normal
Resources
Standard
Victory
Conquest
Starting age
Dark Age
Ending age
Imperial Age
RankedLock teamsTeams togetherTeam positionsShared explorationLock speedFull tech treeHidden civsTurbo modeCheats
Victory
Defeat
🇺🇦 Persians · Ukraine
855
+17
🇷🇺 Shu · Russia
872
-17
Soare
10:41 Feudal Age
14:54 Castle Age
13:21 Double-Bit Axe
17:54 Horse Collar
21:50 Bow Saw
21:46 Heavy Plow
22:23 Loom
26:04 Wheelbarrow
28:00 Stone Mining
31:17 Imperial Age
29:46 Gold Mining
30:36 Scale Barding Armor
30:41 Forging
30:32 Padded Archer Armor
30:22 Fletching
32:11 Husbandry
32:21 Bloodlines
32:14 Scale Mail Armor
32:49 Iron Casting
32:38 Chain Barding Armor
33:24 Two-Man Saw
32:57 Crop Rotation
31:55 Cavalier
33:25 Gold Shaft Mining
32:38 Light Cavalry
32:50 Elite Skirmisher
33:50 Leather Archer Armor
33:31 Bodkin Arrow
34:41 Ballistics
34:17 Murder Holes
35:23 Chemistry
35:16 Hand Cart
37:14 Kamandaran
36:53 Savar
38:12 Crossbowman
38:57 Thumb Ring
39:25 Ring Archer Armor
39:55 Blast Furnace
39:31 Plate Barding Armor
39:34 Conscription
44:16 Hussar
53:16 Stone Shaft Mining
Dorofer
11:19 Feudal Age
9:34 Loom
15:01 Castle Age
13:28 Double-Bit Axe
13:41 Horse Collar
15:03 Gold Mining
17:56 Fletching
23:50 Bow Saw
24:31 Padded Archer Armor
26:44 Wheelbarrow
26:31 Heavy Plow
29:49 Hand Cart
29:33 Bodkin Arrow
29:59 Forging
29:44 Crossbowman
30:21 Town Watch
30:54 Scale Mail Armor
32:03 Gold Shaft Mining
31:18 Stone Mining
32:13 Town Patrol
32:49 Thumb Ring
32:15 Pikeman
36:43 Imperial Age
35:00 Chain Mail Armor
35:28 Ballistics
35:14 Stone Mining
37:03 Masonry
37:18 Arbalester
37:44 Elite White Feather Guard
38:59 Halberdier
43:17 Coiled Serpent Array
46:10 Arson
46:26 Squires
47:47 Two-Man Saw
48:18 Hoardings
49:08 Gambesons
53:54 Architecture
54:35 Elite Skirmisher
55:41 Scale Barding Armor
56:06 Plate Mail Armor
55:53 Siege Engineers
Connection lost

Rejoining the realm…

Still unreachable

The connection could not be restored.

Session expired

The server has moved on; the page needs a fresh start.